 Dungeon Crawl Stone Soup version 0.27-a0-385-g3208abaabc (webtiles) character file.

Game seed: 16237698380320049556

203606 Nattfarinn the Convoker (level 18, -5/144 HPs)
             Began as a Barachi Summoner on Feb 18, 2021.
             Was the Champion of Cheibriados.
             Slain by an eldritch tentacle (8 damage)
             ... called by the player character
             ... on level 4 of the Vaults.
             The game lasted 03:47:58 (57160 turns).

Nattfarinn the Convoker (Barachi Summoner)         Turns: 57160, Time: 03:47:58

Health: -5/144     AC: 17    Str: 32    XL:     18   Next: 62%
Magic:  28/46      EV: 37    Int: 43    God:    Cheibriados [******]
Gold:   3100       SH:  0    Dex: 40    Spells: 13/47 levels left

rFire    + + +     SeeInvis +   L - +9 hunting sling of Hard Scrabble {flame, rN+ Dex+4 SInv}
rCold    + . .     Faith    .   (no shield)
rNeg     + . .     Spirit   .   m - +2 scale mail of Ususy {Regen+ Dex+5 Stlth+}
rPois    .         Reflect  .   J - +2 hat
rElec    +         Harm     .   c - scarf {rC+ rF+}
rCorr    .         Rampage  .   F - +0 pair of gloves "Galewkoa" {*Drain rElec Str+6}
Will     .....                  M - +2 pair of boots {Fly}
Stlth    +++.......             W - amulet of the acrobat
HPRegen  1.34/turn              G - ring of Odderas {rF++ Will- MP+9 Dex+3 SInv}
MPRegen  0.30/turn              p - +6 ring of intelligence

@: lethally poisoned (-5 -> -6), acrobat, flying, very slow
A: +LOS, swims, slowness 1, strong legs 2
}: 1/15 runes: serpentine
a: Hop, Stop Flying, Renounce Religion, Bend Time, Temporal Distortion, Slouch,
Step From Time


You were on level 4 of the Vaults.
You worshipped Cheibriados.
Cheibriados was exalted by your worship.
You visited 6 branches of the dungeon, and saw 34 of its levels.
You also visited: Gauntlet.

You collected 3465 gold pieces.
You spent 365 gold pieces at shops.

Inventory:

Hand Weapons
 x - a +4 scythe of venom
 C - a +2 lajatang of venom
 L - the +9 hunting sling of Hard Scrabble (weapon) {flame, rN+ Dex+4 SInv}
   (You found it on level 1 of the Orcish Mines)

   It causes projectiles fired from it to burn those they strike, causing extra
   injury to most foes and up to half again as much damage against particularly
   susceptible opponents.
   It affects your dexterity (+4).
   It protects you from negative energy.
   It lets you see invisible.
Missiles
 t - 198 stones (quivered ammo)
 K - 20 silver javelins
Armour
 c - a scarf of resistance (worn)
 h - a +2 pair of gloves of dexterity
 m - the +2 scale mail of Ususy (worn) {Regen+ Dex+5 Stlth+}
   (You found it on level 2 of the Swamp)

   It affects your dexterity (+5).
   It increases your rate of regeneration.
   It makes you more stealthy.
 F - the +0 pair of gloves "Galewkoa" (worn) {*Drain rElec Str+6}
   (You found it on level 1 of the Swamp)

   It affects your strength (+6).
   It insulates you from electricity.
   It causes draining when unequipped.
 J - a +2 hat (worn)
 M - a +2 pair of boots of flying (worn)
Jewellery
 n - a ring of poison resistance
 p - a +6 ring of intelligence (right hand)
 G - the ring of Odderas (left hand) {rF++ Will- MP+9 Dex+3 SInv}
   (You found it on level 1 of the Swamp)

   [ring of magical power]

   It affects your dexterity (+3).
   It greatly protects you from fire.
   It affects your willpower, your defense against some magical effects.
   It affects your magic capacity (+9).
   It lets you see invisible.
 W - an amulet of the acrobat (around neck)
Wands
 a - a wand of paralysis (45)
 w - a wand of mindburst (6)
 D - a wand of iceblast (39)
 I - a wand of polymorph (31)
 R - a wand of flame (57)
 X - a wand of digging (19)
 Y - a wand of charming (18)
Scrolls
 b - 2 scrolls of identify
 d - 2 scrolls of brand weapon
 f - 8 scrolls of amnesia
 j - 6 scrolls of enchant weapon
 o - 5 scrolls of fog
 q - 8 scrolls of teleportation
 y - 4 scrolls of magic mapping
 A - 2 scrolls of silence
 B - 4 scrolls of fear
 O - a scroll of holy word
 P - a scroll of torment
 Q - 4 scrolls of immolation
 T - 4 scrolls of summoning
 U - a scroll of enchant armour
Potions
 e - 2 potions of invisibility
 g - 2 potions of brilliance
 k - 7 potions of might
 l - 5 potions of resistance
 r - 8 potions of mutation
 u - 8 potions of lignification
 z - 4 potions of ambrosia
 S - a potion of cancellation
 V - a potion of attraction
 Z - 3 potions of curing
Miscellaneous
 i - a tin of tremorstones (2/2)
 v - a box of beasts
 E - a lightning rod (4/4)
 H - a phantom mirror
 N - a phial of floods


   Skills:
 - Level 13.6 Fighting
 - Level 10.2 Armour
 - Level 7.0 Dodging
 - Level 1.7 Stealth
 * Level 15.1 Spellcasting
 + Level 17.7 Summonings
 - Level 7.2 Translocations
 - Level 7.8 Ice Magic
 - Level 14.7 Air Magic
 - Level 7.5 Invocations
 - Level 9.5 Evocations


You had 13 spell levels left.
You knew the following spells:

 Your Spells              Type           Power        Failure   Level
a - Summon Small Mammal   Summ           100%         0%          1
b - Call Canine Familiar  Summ           100%         0%          3
c - Call Imp              Summ           100%         0%          2
d - Summon Ice Beast      Ice/Summ       97%          1%          4
e - Summon Lightning Spi  Summ/Air       100%         1%          4
f - Frozen Ramparts       Ice            100%         1%          3
g - Blink                 Tloc           N/A          1%          2
h - Malign Gateway        Summ/Tloc      48%          8%          7
i - Summon Horrible Thin  Summ           55%          7%          8

Your spell library contained the following spells:

 Spells                   Type           Power        Failure   Level
 Animate Skeleton         Necr           64%          1%          1
 Apportation              Tloc           100%         1%          1
 Beastly Appendage        Tmut           64%          1%          1
 Corona                   Hex            35%          1%          1
 Foxfire                  Conj/Fire      100%         1%          1
 Freeze                   Ice            100%         1%          1
 Magic Dart               Conj           100%         1%          1
 Pain                     Necr           100%         1%          1
 Sandblast                Erth           64%          1%          1
 Shock                    Conj/Air       100%         1%          1
 Mephitic Cloud           Conj/Pois/Air  66%          1%          3
 Ozocubu's Armour         Ice            79%          1%          3
 Static Discharge         Conj/Air       77%          1%          3
 Summon Guardian Golem    Hex/Summ       83%          1%          3
 Lightning Bolt           Conj/Air       38%          1%          5
 Silence                  Hex/Air        38%          1%          5
 Monstrous Menagerie      Summ           55%          1%          7
 Passwall                 Tmut/Erth      26%          2%          2
 Slow                     Hex            32%          2%          2
 Wereblood                Tmut           32%          2%          2
 Hailstorm                Conj/Ice       60%          3%          4
 Ice Form                 Ice/Tmut       60%          3%          4
 Conjure Flame            Conj/Fire      32%          4%          3
 Spider Form              Tmut/Pois      16%          4%          3
 Stone Arrow              Conj/Erth      64%          4%          3
 Cause Fear               Hex            16%          14%         4
 Petrify                  Tmut/Erth      32%          14%         4
 Sticky Flame             Conj/Fire      32%          14%         4
 Haunt                    Necr/Summ      41%          32%         7
 Spellforged Servitor     Conj/Summ      41%          32%         7
 Blade Hands              Tmut           16%          38%         5
 Bolt of Magma            Conj/Fire/Erth 16%          38%         5
 Iskenderun's Battlesphe  Conj           32%          38%         5
 Lee's Rapid Deconstruct  Erth           16%          38%         5
 Yara's Violent Unravell  Hex/Tmut       16%          38%         5
 Eringya's Noxious Bog    Tmut/Pois      16%          92%         6
 Hydra Form               Tmut           16%          92%         6
 Iron Shot                Conj/Erth      16%          92%         6
 Tornado                  Air            51%          98%         9
 Orb of Destruction       Conj           16%          100%        7
 Discord                  Hex            16%          100%        8
 Ignition                 Fire           16%          100%        8
 Shatter                  Erth           16%          100%        9


Dungeon Overview and Level Annotations

Branches:
Dungeon (15/15)            Temple (0/1) D:6            Lair (6/6) D:11
  Swamp (3/4) Lair:4        Snake (4/4) Lair:3        Slime (0/5) Lair:5
    Orc (2/2) D:12            Elf (0/3) Orc:2        Vaults (3/5) D:13
  Crypt (0/3) Vaults:2     Depths (0/5) D:15        Gauntlet (visited)

Altars:
Ashenzari
Cheibriados
Elyvilon
Nemelex Xobeh
Okawaru
Yredelemnul
The Shining One
Beogh

Shops:
D:6 *   D:13 ([   Orc:2 :([*   Vaults:1 ([

Portals:
Abyss: D:4
Bazaar: Vaults:3

Annotations:
D:4 2 transporters, spacewizard's ghost, amateur KoBr
D:5 3 runed translucent doors, 2 transporters, spacewizard's ghost, novice KoBr
Lair:6 exclusion: oklob plant


Innate Abilities, Weirdness & Mutations

You can be seen from farther away. (+LOS)
You can swim through water.
You cover ground slowly.
You can hop long distances.


Message History

You reach down and open the door.
The eldritch tentacle slaps you!
You feel your power leaking away. The eldritch tentacle claws you!!
You feel your power leaking away.
The boulder beetle curls into a ball and begins rolling!
The eldritch tentacle slaps you but does no damage.
The eldritch tentacle claws you!
You are poisoned.
The eldritch tentacle poisons you!
You feel extremely sick. The eldritch tentacle slaps you!
The eldritch tentacle draws strength from your injuries!
The eldritch tentacle completely misses you.
The boulder beetle closely misses you.
The boulder beetle stops rolling and uncurls.
The eldritch tentacle completely misses you.
The eldritch tentacle claws you but does no damage.
The boulder beetle barely misses you.
The eldritch tentacle slaps you but does no damage.
The eldritch tentacle claws you! The eldritch tentacle freezes you! You resist.
Unknown command.
You feel very sick.
The eldritch tentacle completely misses you.
The eldritch tentacle misses you. The boulder beetle bites you!
The eldritch tentacle closely misses you.
The eldritch tentacle misses you.
You feel very sick.
The eldritch tentacle closely misses you.
The eldritch tentacle completely misses you. x3
The boulder beetle completely misses you.
The eldritch tentacle barely misses you.
The eldritch tentacle completely misses you.
The boulder beetle completely misses you.
You feel very sick. The eldritch tentacle slaps you!
The eldritch tentacle freezes you! You resist.
* * * LOW HITPOINT WARNING * * *
The eldritch tentacle claws you!!
* * * LOW HITPOINT WARNING * * *
The eldritch tentacle freezes you! You resist.
You die...

#.......#
#.......#
#.......#
#.......#
#.......#
+.......#
.......#
#+#'##w#######+#
#...──.@........
#../.B..........
#.*..##########.
#....# ..
#....#....... #
#....#.......
#....#.).....
+....# ......
#....# ......


You could see an eldritch tentacle and a boulder beetle.

Vanquished Creatures
  Frances (Swamp:2)
  An eldritch tentacle (Vaults:3)
  Agnes (D:15)
  2 nagarajas (Snake:4)
  3 vault wardens (Vaults:1)
  The ghost of TimeIsEndless the Fighter, a journeyman DsFi of Okawaru (Orc:1)
  Nessos (D:15)
  A minotaur (Gauntlet)
  A rakshasa (Vaults:1)
  2 naga warriors (Snake:4)
  A catoblepas (Lair:1)
  A boulder beetle (D:14)
  2 ogre magi (Vaults:1)
  9 two-headed ogres
  A centaur warrior (D:14)
  3 naga sharpshooters
  An orc high priest (Orc:2)
  2 deep elf knights (Vaults:1)
  A goliath frog (Swamp:2)
  A salamander mystic (Snake:3)
  A naga ritualist (Snake:4)
  A glowing orange brain (D:15)
  A deep elf archer (Vaults:1)
  A cyclops (D:12)
  11 ugly things
  A wolf spider (Gauntlet)
  4 elephants
  2 nameless horrors
  4 will-o-the-wisps
  An apocalypse crab (Swamp:2)
  2 salamanders (Snake:3)
  A moth of wrath (Gauntlet)
  2 vault sentinels (Vaults:1)
  3 guardian serpents (Snake:4)
  2 naga magi (Snake:4)
  9 black mambas
  2 centaur skeletons (D:14)
  14 cane toads
  4 komodo dragons
  A yaktaur (Vaults:1)
  2 meliai (D:13)
  A troll (D:15)
  2 tyrant leeches
  2 dream sheep
  4 blink frogs
  9 slime creatures
  2 redbacks (Gauntlet)
  A centaur simulacrum (D:14)
  A shadow (D:12)
  Eustachio (D:5)
  A wyvern (Lair:3)
  A fire bat (Lair:4)
  16 yaks
  A basilisk (Lair:3)
  4 vampire mosquitoes
  An acid dragon (D:14)
  12 swamp worms
  8 nagas
  A warg (Orc:1)
  A soldier ant (shapeshifter) (Vaults:1)
  6 water moccasins
  12 orc warriors
  A black bear (Lair:1)
  2 ice beasts
  An eye of draining (shapeshifter) (Vaults:1)
  9 ogres
  A sky beast (D:5)
  3 wolves (Lair:1)
  A centaur (D:13)
  2 phantoms
  17 bullfrogs
  A scorpion (D:4)
  A troll zombie (D:12)
  A wight (D:11)
  A killer bee (D:10)
  A howler monkey (D:10)
  2 centaur zombies
  2 hounds
  A bullfrog zombie (D:11)
  8 orc priests
  An iguana (D:2)
  An iguana (shapeshifter) (D:15)
  2 jellies
  6 orc wizards
  A hell rat (Lair:3)
  2 worker ants
  A killer bee zombie (D:8)
  An ogre zombie (D:12)
  A hound zombie (D:11)
  A worker ant zombie (D:6)
  6 gnolls
  A howler monkey skeleton (D:5)
  4 adders
  4 shadow imps (Gauntlet)
  2 white imps
  2 ufetubi
  3 adder skeletons
  A worm (D:3)
  9 leopard geckos
  37 orcs
  11 bats
  A giant cockroach (D:1)
  6 goblins
  4 hobgoblins
  6 jackals
  4 kobolds
  4 quokkas
  A ball python (D:3)
  A frilled lizard (D:2)
  A jackal skeleton (D:4)
  7 orc zombies (D:12)
  A quokka zombie (D:6)
  5 rats
  3 briar patches (Swamp:1)
388 creatures vanquished.

Vanquished Creatures (collateral kills)
  Nikola (Vaults:3)
  A tentacled monstrosity (Swamp:3)
  2 thorn hunters (Swamp:1)
  9 nagarajas (Snake:4)
  Donald (Swamp:2)
  Aizul (Swamp:1)
  7 vault wardens
  An orc warlord (Orc:2)
  3 stone giants
  3 ironheart preservers (Vaults:3)
  A deep elf demonologist (Vaults:3)
  A vampire knight (Vaults:2)
  3 bunyips
  A deep elf death mage (Vaults:3)
  3 yaktaur captains
  A great orb of eyes (Vaults:3)
  Fannar (D:11)
  21 hydras
  2 rakshasas (D:15)
  31 naga warriors
  3 vault guards
  6 ogre magi
  2 ice dragons (Vaults:1)
  A catoblepas (Lair:4)
  5 boulder beetles
  4 ghost crabs (Swamp:2)
  6 centaur warriors
  9 anacondas
  28 two-headed ogres
  2 dancing weapons (D:13)
  2 tengu warriors
  4 death yaks (Lair:3)
  3 alligators
  Urug (Orc:2)
  A vampire mage (Vaults:2)
  21 naga sharpshooters
  An orc high priest (Orc:1)
  Nergalle (Orc:2)
  4 shock serpents
  2 deep elf knights (Vaults:3)
  A sea snake (Snake:2)
  A glowing orange brain (Vaults:1)
  3 deep trolls (Vaults:3)
  A goliath frog (Swamp:2)
  3 swamp dragons (Swamp:3)
  5 unseen horrors
  A deep elf archer (Vaults:3)
  9 ironbrand convokers
  7 naga ritualists
  11 orc knights
  3 wizards
  5 harpies (Vaults:3)
  3 spriggan druids
  5 mana vipers
  3 bog bodies
  An orc sorcerer (Orc:2)
  2 deep elf pyromancers
  A necromancer (Vaults:2)
  3 wolf spiders
  31 ugly things
  3 nameless horrors (Vaults:3)
  2 oklob plants (Lair:3)
  3 manticores
  3 cyclopes
  6 elephants
  8 salamanders
  3 guardian serpents
  A centaur zombie (D:11)
  25 black mambas
  3 apocalypse crabs (Swamp:2)
  6 vault sentinels
  13 naga magi
  14 cane toads
  A torpor snail (Vaults:1)
  3 rime drakes
  4 centaur skeletons
  3 kobold demonologists (D:14)
  An efreet (D:14)
  24 yaktaurs
  A tengu conjurer (D:12)
  10 komodo dragons
  A harpy zombie (D:15)
  8 tyrant leeches
  3 trolls
  A meliai (D:13)
  4 polar bears
  4 hornets
  13 dream sheep
  12 blink frogs (Lair:6)
  A dream sheep (shapeshifter) (D:15)
  12 slime creatures
  Sigmund (D:5)
  2 spriggans
  A redback (Gauntlet)
  A human (shapeshifter) (Vaults:3)
  2 shadows
  2 wyverns
  A vampire (D:15)
  2 spriggans (shapeshifter)
  42 yaks
  6 wraiths
  2 fire bats (Lair:4)
  2 basilisks
  9 vampire mosquitoes
  A steam dragon (D:15)
  5 wargs
  10 water moccasins
  2 wargs (shapeshifter)
  3 acid dragons
  9 swamp worms
  69 nagas
  32 orc warriors
  6 ice beasts
  A black bear (Lair:1)
  4 sky beasts
  An ice dragon simulacrum (Vaults:1)
  11 ogres
  8 centaurs
  3 phantoms
  4 kobold brigands
  Blork the orc (Orc:2)
  13 bullfrogs
  A gnoll sergeant (D:11)
  A wyvern skeleton (D:12)
  4 scorpions
  A water moccasin skeleton (D:4)
  5 killer bees
  2 troll zombies (D:12)
  A human simulacrum (Vaults:3)
  7 wights
  5 electric eels
  A bullfrog zombie (D:6)
  3 lava snakes (D:8)
  3 jellies
  2 hounds
  19 orc priests
  3 bullfrog skeletons
  An iguana (D:11)
  Natasha (thrice) (D:3)
  28 orc wizards
  4 worker ants
  4 hell rats (Lair:3)
  A killer bee zombie (D:6)
  4 ogre zombies (D:12)
  A hound zombie (D:4)
  2 worker ant zombies
  3 gnolls (D:11)
  6 adders
  A shadow imp (D:10)
  A white imp (D:8)
  3 oozes
  A worm (D:3)
  2 dart slugs
  2 leopard geckos
  78 orcs
  A giant cockroach (D:1)
  13 jackals
  3 ball pythons (D:1)
  3 bats
  2 frilled lizards
  2 goblins
  A goblin skeleton (D:12)
  4 goblin zombies (D:12)
  A hobgoblin zombie (D:12)
  A jackal zombie (D:5)
  18 kobolds
  2 orc skeletons (D:12)
  10 orc zombies (D:12)
  4 rats
1019 creatures vanquished.

Vanquished Creatures (others)
  47 eldritch tentacles
  An ironheart preserver (Vaults:3)
  An ogre mage (Vaults:3)
  An alligator (Swamp:3)
  A spriggan druid (Swamp:2)
  A naga ritualist (Snake:4)
  3 ugly things (Vaults:1)
  A will-o-the-wisp (Swamp:3)
  A guardian serpent (Snake:4)
  A vault sentinel (Vaults:1)
  A naga mage (Snake:4)
  A bloated husk (Swamp:3)
  A slime creature (Vaults:1)
  A naga (Snake:4)
  An orc warrior (Vaults:3)
  2 briar patches (Swamp:1)
  26 foxfires
  27 fungi
  126 plants
244 creatures vanquished.

Grand Total: 1651 creatures vanquished

Notes
Turn   | Place    | Note
-------+----------+-------------------------------------------
     0 | D:1      | Nattfarinn the Barachi Summoner began the quest for the
                  | Orb.
     0 | D:1      | Reached XP level 1. HP: 13/13 MP: 3/3
    77 | D:1      | Reached skill level 5 in Summonings
   206 | D:1      | Reached XP level 2. HP: 19/19 MP: 5/5
   613 | D:1      | Reached XP level 3. HP: 24/24 MP: 6/6
   957 | D:1      | Learned a level 3 spell: Call Canine Familiar
  1161 | D:2      | Reached skill level 6 in Summonings
  1316 | D:2      | Reached XP level 4. HP: 30/30 MP: 8/8
  1772 | D:2      | You fall into a shaft and drop 2 floors!
  1774 | D:4      | Noticed a phantom
  2371 | D:2      | Learned a level 2 spell: Call Imp
  2765 | D:3      | Reached XP level 5. HP: 36/36 MP: 9/9
  2769 | D:3      | Reached skill level 1 in Armour
  2868 | D:3      | Found a glowing golden altar of the Shining One.
  2911 | D:3      | Found a broken altar of Ashenzari.
  2922 | D:3      | Found a sparkling altar of Nemelex Xobeh.
  2922 | D:3      | Noticed Natasha
  2933 | D:3      | Killed Natasha
  2954 | D:3      | Found a white marble altar of Elyvilon.
  2954 | D:3      | Found a snail-covered altar of Cheibriados.
  2954 | D:3      | Found an iron altar of Okawaru.
  3059 | D:3      | Became a worshipper of Cheibriados the Contemplative
  3354 | D:3      | Noticed Natasha
  3363 | D:3      | Killed Natasha
  3364 | D:3      | Reached skill level 1 in Fighting
  3454 | D:3      | Noticed Natasha
  3468 | D:3      | Killed Natasha
  3595 | D:3      | Killed a phantom
  3732 | D:4      | Reached XP level 6. HP: 34/44 MP: 1/10
  4481 | D:4      | Got a smouldering falchion
  4482 | D:4      | Identified the +1 falchion of Uncertain Death {speed, +Inv
                  | Str+2} (You found it on level 4 of the Dungeon)
  4621 | D:4      | Found a transporter.
  4645 | D:4      | Found a one-way gate to the infinite horrors of the Abyss.
  4645 | D:4      | Noticed spacewizard's ghost (amateur KoBr)
  4750 | D:4      | Found a transporter.
  4872 | D:5      | Entered Level 5 of the Dungeon
  4880 | D:5      | Found a runed translucent gate.
  4880 | D:5      | Found a runed translucent gate.
  4885 | D:5      | Found a runed translucent gate.
  4886 | D:5      | Noticed spacewizard's ghost (novice KoBr)
  4917 | D:5      | Noticed Sigmund
  4933 | D:5      | Killed Sigmund
  4933 | D:5      | Reached * piety under Cheibriados
  4934 | D:5      | Reached XP level 7. HP: 38/51 MP: 3/11
  5600 | D:5      | Found a transporter.
  5712 | D:5      | Reached skill level 5 in Armour
  5811 | D:5      | Found a transporter.
  6009 | D:5      | Reached ** piety under Cheibriados
  6067 | D:5      | Noticed Eustachio
  6123 | D:5      | Killed Eustachio
  6738 | D:6      | Reached XP level 8. HP: 52/60 MP: 5/12
  6797 | D:6      | Learned a level 4 spell: Summon Ice Beast
  7043 | D:6      | You fall into a shaft and drop 2 floors!
  7263 | D:7      | Reached skill level 1 in Ice Magic
  7733 | D:6      | Reached skill level 7 in Summonings
  7800 | D:6      | Found a staircase to the Ecumenical Temple.
  7844 | D:6      | Found Wimu's General Store.
  8897 | D:7      | Reached skill level 8 in Summonings
  9136 | D:7      | Reached *** piety under Cheibriados
  9434 | D:7      | Found an iron altar of Okawaru.
  9445 | D:7      | Got a transparent robe
  9456 | D:7      | Identified the +0 robe "Fanogaz" {rN+ Int+2} (You found it
                  | on level 7 of the Dungeon)
  9884 | D:8      | Reached skill level 9 in Summonings
 10031 | D:8      | Reached XP level 9. HP: 17/65 MP: 6/13
 10876 | D:8      | Reached skill level 5 in Ice Magic
 10923 | D:8      | Noticed a two-headed ogre
 10933 | D:8      | Killed a two-headed ogre
 10934 | D:8      | Reached skill level 10 in Summonings
 10941 | D:8      | Reached **** piety under Cheibriados
 11456 | D:8      | Got a pitted plate armour
 11477 | D:8      | Identified the +1 plate armour "Well" {Harm *Slow Stlth+}
                  | (You found it on level 8 of the Dungeon)
 12234 | D:9      | Reached skill level 11 in Summonings
 12497 | D:9      | Noticed a cyclops
 12503 | D:9      | Killed a cyclops
 12597 | D:9      | Found a sparkling altar of Nemelex Xobeh.
 12906 | D:9      | Noticed a two-headed ogre
 12920 | D:9      | Killed a two-headed ogre
 12921 | D:9      | Reached skill level 12 in Summonings
 12921 | D:9      | Reached XP level 10. HP: 71/71 MP: 6/14
 12978 | D:9      | Learned a level 4 spell: Summon Lightning Spire
 13428 | D:10     | Entered Level 10 of the Dungeon
 13587 | D:10     | Reached ***** piety under Cheibriados
 13934 | D:10     | Reached skill level 5 in Dodging
 14326 | D:10     | Found a roughly hewn altar of Beogh.
 14541 | D:10     | Reached skill level 5 in Fighting
 14898 | D:11     | Killed an unseen horror
 15026 | D:11     | Noticed a purple ugly thing
 15032 | D:12     | Noticed a two-headed ogre
 15034 | D:12     | Noticed a cyclops
 15052 | D:12     | Noticed a deep elf pyromancer
 15066 | D:12     | Killed a two-headed ogre
 15082 | D:12     | Killed a deep elf pyromancer
 15348 | D:12     | Reached XP level 11. HP: 63/83 MP: 15/15
 15474 | D:12     | Found a staircase to the Orcish Mines.
 15505 | D:12     | Reached ****** piety under Cheibriados
 15766 | D:12     | Killed a cyclops
 15770 | D:12     | Killed an unseen horror
 15932 | D:12     | Reached skill level 10 in Armour
 16607 | D:11     | Noticed Fannar
 16755 | D:11     | Killed an unseen horror
 16965 | D:11     | Reached skill level 1 in Invocations
 17160 | D:11     | Killed Fannar
 17343 | D:11     | Found a staircase to the Lair.
 17461 | D:11     | Noticed a green ugly thing
 17467 | D:11     | Killed a green ugly thing
 17473 | D:11     | Killed a purple ugly thing
 17474 | D:11     | Reached skill level 5 in Spellcasting
 17888 | D:13     | Noticed a manticore
 17894 | D:12     | Killed a manticore
 17980 | D:13     | Noticed a two-headed ogre
 17988 | D:13     | Killed a two-headed ogre
 18167 | D:13     | Found Nikhigi's Antique Weapon Boutique.
 18312 | D:13     | Noticed a +7 long sword
 18322 | D:13     | Killed a +7 long sword
 18377 | D:13     | Found a gate to the Vaults.
 18379 | D:13     | Noticed a +6 long sword
 18392 | D:13     | Killed a +6 long sword
 18393 | D:13     | Reached XP level 12. HP: 20/91 MP: 12/22
 18533 | D:13     | Found Rozikoy's Armour Shoppe.
 18538 | D:13     | Noticed a seven-headed hydra
 18550 | D:13     | Killed a seven-headed hydra
 18662 | D:13     | Noticed a centaur warrior
 18679 | D:13     | Killed a centaur warrior
 18766 | D:13     | Bought a +2 pair of boots of flying for 365 gold pieces
 18782 | D:13     | Noticed a centaur warrior
 18795 | D:13     | Killed a centaur warrior
 19065 | D:13     | Noticed a centaur warrior
 19074 | D:13     | Killed a centaur warrior
 19290 | Lair:1   | Entered Level 1 of the Lair of Beasts
 19426 | Lair:1   | Reached skill level 5 in Invocations
 20107 | Lair:2   | Noticed a catoblepas
 20120 | Lair:1   | Killed a catoblepas
 20429 | Lair:2   | Noticed a four-headed hydra
 20434 | Lair:2   | Killed a four-headed hydra
 20880 | Lair:3   | Reached skill level 10 in Spellcasting
 21242 | Lair:3   | Found a staircase to the Snake Pit.
 21480 | Lair:3   | Noticed a death yak
 21480 | Lair:3   | Noticed a death yak
 21484 | Lair:3   | Noticed a five-headed hydra
 21486 | Lair:3   | Killed a death yak
 21488 | Lair:3   | Gained mutation: You can hop long distances. [Barachi
                  | growth]
 21488 | Lair:3   | Reached XP level 13. HP: 58/96 MP: 16/28
 22236 | Lair:3   | Reached skill level 1 in Evocations
 22355 | Lair:3   | Reached skill level 1 in Air Magic
 22736 | Lair:3   | Identified Sif Muna's Handbook of Burning Transmutation
 23581 | Lair:4   | Found a staircase to the Swamp.
 23961 | Lair:5   | Reached skill level 5 in Evocations
 24157 | Lair:5   | Found a staircase to the Slime Pits.
 24902 | Lair:6   | Entered Level 6 of the Lair of Beasts
 25363 | Lair:6   | Reached skill level 5 in Air Magic
 25383 | Lair:6   | Reached XP level 14. HP: 60/103 MP: 13/30
 26623 | D:14     | Found a gate leading to a gauntlet.
 26863 | Gauntlet | Entered a Gauntlet
 26863 | Gauntlet | Found a transporter.
 26863 | Gauntlet | Found a transporter.
 26874 | Gauntlet | Found a transporter.
 26892 | Gauntlet | Found a transporter.
 26902 | Gauntlet | Found a transporter.
 26919 | Gauntlet | Found a large runed translucent door.
 26920 | Gauntlet | Found a large runed translucent door.
 26921 | Gauntlet | Found a large runed translucent door.
 26921 | Gauntlet | Found a large runed translucent door.
 26922 | Gauntlet | Found a runed translucent gate.
 26923 | Gauntlet | Found a transporter.
 26923 | Gauntlet | Found a runed translucent gate.
 26923 | Gauntlet | Found a large runed translucent door.
 26923 | Gauntlet | Found a large runed translucent door.
 26923 | Gauntlet | Found a runed translucent door.
 26924 | Gauntlet | Found a large runed translucent door.
 26925 | Gauntlet | Found a large runed translucent door.
 26931 | Gauntlet | Found a transporter.
 26932 | Gauntlet | Found a runed translucent door.
 26932 | Gauntlet | Found a runed translucent gate.
 26933 | Gauntlet | Found a large runed translucent door.
 26933 | Gauntlet | Found a large runed translucent door.
 26933 | Gauntlet | Found a large runed translucent door.
 26933 | Gauntlet | Found a large runed translucent door.
 26935 | Gauntlet | Found a large runed translucent door.
 26935 | Gauntlet | Found a large runed translucent door.
 26936 | Gauntlet | Found a large runed translucent door.
 26936 | Gauntlet | Found a large runed translucent door.
 26938 | Gauntlet | Found a transporter.
 26940 | Gauntlet | Found a transporter.
 26978 | Gauntlet | Found a transporter.
 26995 | Gauntlet | Found a transporter.
 27003 | Gauntlet | Found a transporter.
 27943 | Gauntlet | Identified First Steps in Rites and Rhymes
 28072 | D:14     | Found a basalt altar of Yredelemnul.
 28186 | D:14     | You are sucked into a shaft and drop 1 floor!
 28186 | D:15     | Entered Level 15 of the Dungeon
 28563 | D:14     | Reached skill level 10 in Air Magic
 29810 | D:15     | Noticed Agnes
 29821 | D:15     | Killed Agnes
 30050 | D:15     | Noticed Nessos
 30054 | D:15     | Killed Nessos
 30055 | D:15     | Reached XP level 15. HP: 108/108 MP: 13/31
 31346 | D:15     | Found a staircase to the Depths.
 31509 | Orc:1    | Entered Level 1 of the Orcish Mines
 31509 | Orc:1    | Found a roughly hewn altar of Beogh.
 31837 | Orc:2    | Entered Level 2 of the Orcish Mines
 32218 | Orc:2    | Noticed Nergalle
 32223 | Orc:2    | Killed Nergalle
 32427 | Orc:2    | Noticed an orc warlord
 32435 | Orc:2    | Killed an orc warlord
 32451 | Orc:2    | Found a roughly hewn altar of Beogh.
 32453 | Orc:2    | Noticed Blork the orc
 32457 | Orc:2    | Killed Blork the orc
 32574 | Orc:2    | Found Suilaih's Antique Weapon Emporium.
 32576 | Orc:2    | Found Cetyej's General Store.
 32815 | Orc:2    | Found a staircase to the Elven Halls.
 32940 | Orc:2    | Found Puskan's Book Emporium.
 33019 | Orc:2    | Found Azuitih's Antique Armour Emporium.
 33060 | Orc:2    | Noticed Urug
 33066 | Orc:2    | Killed Urug
 33255 | Orc:2    | Found a roughly hewn altar of Beogh.
 33639 | Orc:1    | Found a large runed translucent door.
 33688 | Orc:1    | Found a large runed translucent door.
 33691 | Orc:1    | Noticed TimeIsEndless's ghost (journeyman DsFi)
 34721 | Orc:1    | Killed TimeIsEndless's ghost
 34883 | Orc:1    | Got a masterwork hunting sling
 34884 | Orc:1    | Identified the +9 hunting sling of Hard Scrabble {flame,
                  | rN+ Dex+4 SInv} (You found it on level 1 of the Orcish
                  | Mines)
 35448 | Snake:1  | Entered Level 1 of the Snake Pit
 36347 | Snake:1  | Reached skill level 10 in Fighting
 40706 | Snake:3  | Reached XP level 16. HP: 50/127 MP: 21/32
 42411 | Swamp:1  | Entered Level 1 of the Swamp
 42643 | Swamp:1  | Found a transporter.
 43132 | Swamp:1  | Found a transporter.
 43294 | Swamp:1  | Noticed Aizul
 43310 | Swamp:1  | Killed Aizul
 43716 | Swamp:2  | Noticed a thorn hunter
 43718 | Swamp:2  | Noticed Donald
 43735 | Swamp:1  | Killed a thorn hunter
 43974 | Swamp:2  | Noticed a thorn hunter
 44103 | Swamp:1  | Killed a thorn hunter
 44419 | Swamp:2  | Noticed Frances
 44419 | Swamp:2  | Killed Donald
 45266 | Swamp:1  | Got a clouded marble ring
 45274 | Swamp:1  | Got a pair of distressingly furry gloves
 45285 | Swamp:1  | Identified the +0 pair of gloves "Galewkoa" {*Drain rElec
                  | Str+6} (You found it on level 1 of the Swamp)
 45286 | Swamp:1  | Identified the ring of Odderas {rF++ Will- MP+9 Dex+3 SInv}
                  | (You found it on level 1 of the Swamp)
 45411 | Swamp:2  | Identified a scroll of acquirement
 45423 | Swamp:2  | Acquired a Grand Grimoire
 45429 | Swamp:2  | Learned a level 3 spell: Frozen Ramparts
 45432 | Swamp:2  | Learned a level 2 spell: Blink
 45514 | Swamp:2  | Got a fine scale mail
 45525 | Swamp:2  | Identified the +2 scale mail of Ususy {Regen+ Dex+5 Stlth+}
                  | (You found it on level 2 of the Swamp)
 45697 | Swamp:2  | Killed Frances
 45698 | Swamp:2  | Reached skill level 1 in Translocations
 45915 | Swamp:2  | Found a runed translucent door.
 45947 | Swamp:2  | Found a white marble altar of Elyvilon.
 46365 | Swamp:2  | Reached skill level 13 in Summonings
 46695 | Swamp:2  | Identified the +0 robe of Okawaru's Generosity {rC++ Will-
                  | Slay+4} (You found it on level 2 of the Swamp)
 47342 | Swamp:3  | Noticed a tentacled monstrosity
 47362 | Swamp:3  | Killed a tentacled monstrosity
 47929 | Snake:4  | Entered Level 4 of the Snake Pit
 48820 | Snake:4  | Reached skill level 14 in Summonings
 48835 | Snake:4  | Noticed a nagaraja
 48845 | Snake:4  | Killed a nagaraja
 49061 | Snake:4  | Noticed a nagaraja
 49105 | Snake:4  | Noticed a nagaraja
 49119 | Snake:4  | Killed a nagaraja
 49324 | Snake:4  | Killed a nagaraja
 49681 | Snake:4  | Noticed a nagaraja
 49696 | Snake:4  | Killed a nagaraja
 49864 | Snake:4  | Reached skill level 5 in Translocations
 50053 | Snake:4  | Reached XP level 17. HP: 95/137 MP: 33/33
 50580 | Snake:4  | Reached skill level 15 in Summonings
 50688 | Snake:4  | Learned a level 7 spell: Malign Gateway
 52337 | Snake:4  | Reached skill level 16 in Summonings
 52530 | Snake:4  | Got a serpentine rune of Zot
 52537 | Snake:4  | Identified the +2 ring mail "Ystutes" {Int+4 SInv} (You
                  | found it on level 4 of the Snake Pit)
 52794 | Vaults:1 | Entered Level 1 of the Vaults
 52834 | Vaults:1 | Paralysed by an ogre mage for 5 turns
 52861 | Vaults:1 | Paralysed by an ogre mage for 6 turns
 54003 | Vaults:1 | Found Onuacybb's Antique Weapon Boutique.
 54105 | Vaults:1 | Reached XP level 18. HP: 144/144 MP: 35/35
 54420 | Vaults:1 | Found Pused's Armour Emporium.
 54648 | Vaults:1 | Paralysed by an ogre mage for 2 turns
 54650 | Vaults:1 | Reached skill level 17 in Summonings
 55597 | Vaults:2 | Learned a level 8 spell: Summon Horrible Things
 55628 | Vaults:2 | Found a staircase to the Crypt.
 55683 | Vaults:2 | You are sucked into a shaft and drop 1 floor!
 55918 | Vaults:3 | Noticed a Tzitzimitl
 56190 | Vaults:3 | Noticed Nikola
 56205 | Vaults:3 | Killed Nikola
 56415 | Vaults:3 | Paralysed by an ogre mage for 2 turns
 56709 | Vaults:3 | Found a gateway to a bazaar.
 56959 | Vaults:3 | Reached skill level 15 in Spellcasting
 57114 | Vaults:3 | You are sucked into a shaft and drop 1 floor!
 57160 | Vaults:4 | HP: 3/144 [eldritch tentacle[the player character] (30)]
 57160 | Vaults:4 | Slain by an eldritch tentacle

Illustrated notes

Levels and vault maps discovered:
D:1:      dpeg_arrival_signposts, layout_rooms, skrybe_limestone_x
D:2:      layout_basic, serial_park_tiny_1, minmay_heptomino_h4
D:3:      layout_loops_cross, grunt_temple_overflow_open,
          hangedman_abyss_or_decor_stabs, uniq_natasha
D:4:      layout_basic, gammafunk_ghost_abyssal_escape
D:5:      gammafunk_cloud_chamber, layout_loops_corners,
          gammafunk_ghost_necromancy, uniq_sigmund, uniq_eustachio
D:6:      layout_loops_corners, minmay_temple_entry_wispy, serial_shops, shop,
          serial_park_tiny_pond, minmay_crossroads
D:7:      layout_basic, minmay_stone_trees_small, okawaru_ov_weapons_minmay
D:8:      layout_loops_ring, kennysheep_boxes
D:9:      layout_basic, nemelex_dance_club_becter
D:10:     layout_loops_cross, special_room [special_room_orc]
D:11:     layout_long_grid, erik_lair_orcish_takeover, uniq_fannar
D:12:     minmay_bloctagon_deflated, layout_small_grid, zombieorc2_lemuel,
          enter_bailey_2
D:13:     layout_cave_pools, erik_vaults_1, serial_shops, shop_statue, shop
D:14:     layout_big_octagon, yredelemnul_altar_generic, gauntlet_entry_generic
D:15:     gammafunk_enter_depths_forms, layout_irregular_city, chequers_jeans,
          minmay_the_grid_square_5x5_3x3_mashed
          [minmay_the_grid_square_5x5_almost_minimal,
          minmay_the_grid_square_5x5_one_wall,
          minmay_the_grid_square_5x5_hollow_slash,
          minmay_the_grid_square_5x5_beaten_path,
          minmay_the_grid_square_5x5_megaprize_checkered,
          minmay_the_grid_square_5x5_minimal, minmay_the_grid_square_5x5_forky,
          minmay_the_grid_square_5x5_tri_point,
          minmay_the_grid_square_5x5_spiral_small], uniq_agnes, uniq_nessos
Lair:1:   layout_hall_layers
Lair:2:   layout_hall_layers, serial_bayou_shore_b, lemuel_fruit_tree
Lair:3:   nzn_winding_woodlands_large [nzn_winding_woodlands_5x5_perimeter,
          nzn_winding_woodlands_5x15_garden,
          nzn_winding_woodlands_5x5_open_star,
          nzn_winding_woodlands_center_triple_pond,
          nzn_winding_woodlands_15x15_killbox,
          nzn_winding_woodlands_center_garden, nzn_winding_woodlands_5x5_three,
          nzn_winding_woodlands_5x15_split_checker,
          nzn_winding_woodlands_5x5_closed_star], layout_cave_pods,
          guppyfry_snake_entry_island, minmay_lair_oklob_chamber
Lair:4:   layout_hall_layers, minmay_swamp_entry_worms,
          nicolae_volcano_entry_batcave, grunt_megastairs_1,
          infiniplex_staircase_pool, lemuel_fruit_fields
Lair:5:   layout_regular_city, slime_dummy
Lair:6:   minmay_lair_end_frog_pond, layout_hall_layers, serial_bayou_shore_b
Swamp:1:  gammafunk_worm_tunnel, layout_falls_marsh,
          evilmike_swamp_ruin_rubble_2, infiniplex_staircase_pool_2, uniq_aizul
Swamp:2:  gammafunk_mikee_crab_dinner, layout_basic_swamp, basic_altar,
          uniq_donald, uniq_frances
Swamp:3:  layout_basic_swamp, evilmike_swamp_ruin_house_5
Snake:1:  layout_layer_cave, serial_bayou_shore_b
Snake:2:  layout_cave_pods, st_stairs_2, serial_bayou_ford_a
Snake:3:  layout_grid_maze, grunt_ministairs_1
Snake:4:  grunt_snake_rune_spirals, layout_onion, serial_bayou_shore_b
Orc:1:    layout_caves, special_room [special_room_orc], basic_altar,
          ebering_ghost_disaster_area, nicolae_orc_stony_grotto
Orc:2:    grunt_orc_cross, layout_caves, mines2_david, uniq_urug
Vaults:1: ontoclasm_vaults_claustrophobia, grunt_vaults_twisty,
          vaults_room_pools, hangedman_vaults_unwind, v_misc_5, v_misc_24,
          v_misc_12, v_pattern_5, vaults_mumra_chevron_long,
          hangedman_vaults_snaps, vaults_room_mumra_shop_pool,
          nicolae_vaults_little_squares_1, vaults_room_pool,
          layout_vaults_omnicross, serial_shops, shop
Vaults:2: minmay_crypt_entry_simple_sparse, v_misc_31, v_rooms_3,
          nicolae_vaults_little_squares_6, st_hourglassy,
          nicolae_vaults_big_angled_halls, ontoclasm_vaults_ring_large,
          hangedman_vaults_slice, nicolae_vaults_little_ls,
          nicolae_vaults_gold_heap, hangedman_vaults_corner, v_alt_pattern_3,
          grunt_vaults_focal, nicolae_vaults_hallways_thing,
          vaults_room_door_ring, layout_vaults_maze, uniq_boris
Vaults:3: hangedman_vaults_stagger, hangedman_vaults_corner_blocks,
          vaults_room_boxed, hangedman_vaults_pinch,
          ontoclasm_vaults_misaligned, nicolae_vaults_alarming,
          nicolae_vaults_border_crossing, hangedman_vaults_maws,
          grunt_vaults_hallway_short, v_alt_pattern_3, nicolae_vaults_rhombus_7,
          ontoclasm_vaults_gateway, ontoclasm_vaults_idyll, layout_vaults_ring,
          serial_shops, statue_bzr, uniq_nikola
Vaults:4: nicolae_vaults_diagonal_hallway_7, nicolae_vaults_little_squares_4,
          nicolae_vaults_octagons, dpeg_vaults_monster_box,
          grunt_vaults_hallway_long, ontoclasm_vaults_loading_screen,
          ontoclasm_vaults_eye, layout_vaults_big_room, uniq_margery,
          uniq_frederick

Skill      XL: |  1  2  3  4  5  6  7  8  9 10 11 12 13 14 15 16 17 18 |
---------------+-------------------------------------------------------+-----
Summonings     | 5 6 9 12 14 16 17 | 17.7
Spellcasting   | 3 7 11 12 13 15 | 15.1
Armour         | 3 4 6 9 10 | 10.2
Fighting       | 2 4 6 7 11 13 | 13.6
Dodging        | 3 4 6 7 |  7.0
Ice Magic      | 4 7 |  7.8
Invocations    | 3 6 7 |  7.5
Evocations     | 7 9 |  9.5
Air Magic      | 5 11 14 | 14.7
Translocations | 5 7 |  7.2
Stealth        | |  1.7

Action                   |  1- 3 |  4- 6 |  7- 9 | 10-12 | 13-15 | 16-18 || total
-------------------------+-------+-------+-------+-------+-------+-------++-------
Melee: Dagger            |       |    93 |       |       |       |       ||    93
       Scythe            |       |       |   200 |   238 |   406 |       ||   844
 Fire: Hunting sling     |    72 |    18 |       |       |    29 |   471 ||   590
Throw: Stone             |       |    16 |       |       |       |       ||    16
       Dart              |       |       |       |     4 |     1 |       ||     5
       Javelin           |       |       |       |       |     1 |       ||     1
 Cast: Summon Small Mamm |    31 |     7 |       |       |     1 |       ||    39
       Call Canine Famil |     3 |    22 |    46 |    49 |    90 |     2 ||   212
       Call Imp          |       |    24 |    34 |       |       |       ||    58
       Summon Ice Beast  |       |       |    11 |    42 |   187 |   175 ||   415
       Summon Lightning  |       |       |       |    72 |   211 |   207 ||   490
       Malign Gateway    |       |       |       |       |       |    49 ||    49
       Blink             |       |       |       |       |       |     3 ||     3
       Summon Horrible T |       |       |       |       |       |     4 ||     4
Invok: Slouch            |       |       |       |     3 |    18 |    11 ||    32
       Bend Time         |       |       |       |       |       |     1 ||     1
 Abil: Hop               |       |     2 |     2 |     6 |     4 |    13 ||    27
Evoke: Wand              |       |       |       |       |     2 |     3 ||     5
       Box of beasts     |       |       |       |       |       |     1 ||     1
       Phial of floods   |       |       |       |       |       |     1 ||     1
  Use: Scroll            |       |     5 |    11 |     6 |    10 |    17 ||    49
       Potion            |       |       |     4 |     7 |    10 |     9 ||    30
 Stab: Sleeping          |       |     4 |     7 |     4 |     2 |       ||    17
       Distracted        |       |     1 |     2 |     8 |    23 |       ||    34
Armor: Robe              |    14 |       |    37 |    50 |    19 |       ||   120
       Leather armour    |       |    33 |    85 |       |       |       ||   118
       Troll leather arm |       |       |       |    72 |   135 |       ||   207
       Acid dragon scale |       |       |       |       |   113 |       ||   113
       Plate armour      |       |       |       |       |    70 |   130 ||   200
       Scale mail        |       |       |       |       |       |   170 ||   170
Dodge: Dodged            |    30 |    84 |   274 |   444 |  1115 |  1318 ||  3265

Table legend: (Time is in decaauts)
 A = Elapsed time spent in this place.
 B = Non-inter-level travel time spent in this place.
 C = Inter-level travel time spent in this place.
 D = Time resting spent in this place.
 E = Time spent auto-exploring this place.
 F = Levels seen in this place.
 G = Mean time per level.
                   A        B        C        D        E       F      G
               +--------+--------+--------+--------+--------+-----+--------+
         Total |  89263 |  83136 |   6127 |  19351 |  48075 |  35 | 2550.4 |
       Dungeon |  33983 |  31658 |   2325 |   7720 |  18351 |  15 | 2265.5 |
          Lair |  13715 |  12370 |   1345 |   1575 |   8933 |   6 | 2285.8 |
         Swamp |   7862 |   7317 |    545 |   2534 |   3446 |   3 | 2620.7 |
     Snake Pit |  18551 |  17513 |   1038 |   5155 |   9506 |   4 | 4637.8 |
  Orcish Mines |   6227 |   5480 |    747 |   1053 |   3439 |   2 | 3113.5 |
        Vaults |   6911 |   6787 |    124 |    957 |   3792 |   4 | 1727.8 |
      Gauntlet |   2011 |   2011 |      0 |    356 |    605 |   1 | 2011.0 |
               +--------+--------+--------+--------+--------+-----+--------+

Top non-repeatable levels by time:
 Snake:4: 7495 daAuts
 Snake:2: 4492 daAuts
Vaults:1: 4083 daAuts
 Swamp:1: 4044 daAuts
  Lair:3: 4007 daAuts
   Orc:2: 3621 daAuts
 Snake:1: 3332 daAuts
 Snake:3: 3230 daAuts
    D:13: 3135 daAuts
    D:15: 3129 daAuts
    D:12: 2957 daAuts
     D:8: 2666 daAuts
   Orc:1: 2605 daAuts
     D:9: 2539 daAuts
     D:5: 2466 daAuts
